 Dungeon Crawl Stone Soup version 0.28.0-53-g5a82cb258f (webtiles) character file.

Game seed: 17686604397353793353

95 fleeber the Chopper (level 4, -1/41 HPs)
             Began as a Minotaur Berserker on June 24, 2022.
             Was a Follower of Trog.
             Slain by Crazy Yiuf
             ... wielding a +2 quarterstaff of chaos
              (11 damage)
             ... on level 2 of the Dungeon.
             The game lasted 00:12:18 (3056 turns).

fleeber the Chopper (Minotaur Berserker)            Turns: 3056, Time: 00:12:19

Health: -1/41      AC:  5    Str: 24    XL:     4   Next: 40%
Magic:  3/3        EV: 11    Int:  4    God:    Trog [*.....]
Gold:   209        SH:  0    Dex:  9    Spells: 3/3 levels left

rFire   + . .      SeeInvis .   a - +0 hand axe
rCold   + . .      Faith    .   (no shield)
rNeg    . . .      Spirit   .   o - +0 ring mail
rPois   .          Reflect  .   (helmet restricted)
rElec   .          Harm     .   k - scarf {rC+ rF+}
rCorr   .          Rampage  .   (no gloves)
Will    .....                   (no boots)
Stlth   ..........              (no amulet)
HPRegen 0.13/turn               (no ring)
MPRegen 0.08/turn               (no ring)

@: no status effects
A: horns 2, retaliatory headbutt
a: Renounce Religion, Berserk


You were on level 2 of the Dungeon.
You worshipped Trog.
Trog was aware of your devotion.
You visited 1 branch of the dungeon, and saw 2 of its levels.

You collected 209 gold pieces.

Inventory:

Hand Weapons
 a - a +0 hand axe (weapon)
Missiles
 b - a throwing net
 j - 40 stones (quivered)
Armour
 k - a scarf of resistance (worn)
 o - a +0 ring mail (worn)
Jewellery
 h - an amulet of regeneration
Scrolls
 c - 2 scrolls of identify {unknown}
 e - a scroll of enchant armour {unknown}
 m - a scroll of teleportation {unknown}
 n - a scroll of amnesia {unknown}
Potions
 d - a potion of flight {unknown}
 f - a potion of invisibility {unknown}
 g - a potion of might {unknown}
 l - a potion of degeneration {unknown}


   Skills:
 * Level 4.6 Fighting
 * Level 4.7 Axes
 * Level 0.8 Throwing
 * Level 3.1 Armour
 * Level 2.7 Dodging


You had 3 spell levels left.
You didn't know any spells.
Your spell library was empty.

Dungeon Overview and Level Annotations

Branches:
Dungeon (2/15)

Altars:
Zin

Shops:
D:2 !**?

Annotations:
D:2 Crazy Yiuf


Innate Abilities, Weirdness & Mutations

You have a pair of horns on your head.
You reflexively headbutt those who attack you in melee.


Message History

You see here a +0 mace.
Found three maces and a runed mace.
Found a runed translucent door.
Crazy Yiuf shouts!
You see here a +0 mace.
Found a glowing mace.
Crazy Yiuf cries, "You leg down broken song, no?"
You see here a +0 mace.
You see here a +0 mace.
You see here a +0 mace.
You see here a +0 spear.
You see here a +0 spear.
You see here a +0 mace.
You see here a +0 mace.
You see here a +0 mace.
You open the door. You hit Crazy Yiuf. Your headbutt misses Crazy Yiuf.
Crazy Yiuf is moderately wounded.
Crazy Yiuf closely misses you. You furiously retaliate!
You headbutt Crazy Yiuf, but do no damage.
You barely miss Crazy Yiuf. Your headbutt misses Crazy Yiuf.
Crazy Yiuf is moderately wounded.
Crazy Yiuf hits you but does no damage.
You hit Crazy Yiuf.
Crazy Yiuf is heavily wounded.
Crazy Yiuf barely misses you. You furiously retaliate!
You headbutt Crazy Yiuf, but do no damage.
You closely miss Crazy Yiuf.
Crazy Yiuf is heavily wounded.
Crazy Yiuf hits you with a +2 quarterstaff of chaos!
Crazy Yiuf draws strength from your wounds!
You barely miss Crazy Yiuf.
Crazy Yiuf is lightly wounded.
Crazy Yiuf whimpers, "Dawk action King!"
Crazy Yiuf hits you with a +2 quarterstaff of chaos!
You slash Crazy Yiuf! Your headbutt misses Crazy Yiuf.
Crazy Yiuf is heavily wounded.
Crazy Yiuf hits you with a +2 quarterstaff of chaos!
* * * LOW HITPOINT WARNING * * *
You are electrocuted!
You die...

#........# #......#
#..#####.# #.##.#.#
#........#
#.##.#.####
##########
####.#..... #.#.####
♣♣♣♣♣###....... ###
♣♣♣.♣...)..##.###
#..)#♣.)♣)...)..##.#
#
#..)g@♣♣♣♣.P....##.#
########## #)..#♣♣
♣♣P...###.#
.........# ###
♣♣#### #.#
###......# #.# #
#.###### #.# # #.#
### #### ### #.# #
#.# #.# #..####.#
#.# # #†### #.#
#.......# #.# #
#...# #.# #..######
#.#


You could see Crazy Yiuf.

Vanquished Creatures
  Jessica (D:2)
  3 adders
  A dart slug (D:2)
  A bat (D:1)
  2 endoplasms
  2 goblins
  8 hobgoblins
  4 jackals (D:1)
  3 quokkas
  2 ball pythons (D:2)
  6 frilled lizards
  2 kobolds (D:2)
  6 rats
41 creatures vanquished.

Vanquished Creatures (others)
  2 fungi (D:2)
2 creatures vanquished.

Grand Total: 43 creatures vanquished

Notes
Turn   | Place    | Note
-------+----------+-------------------------------------------
     0 | D:1      | fleeber the Minotaur Berserker began the quest for the Orb.
     0 | D:1      | Reached XP level 1. HP: 19/19 MP: 0/0
   778 | D:1      | Reached XP level 2. HP: 22/27 MP: 1/1
  1731 | D:2      | Found Qoshail's Assorted Antiques.
  1821 | D:2      | Reached XP level 3. HP: 18/33 MP: 2/2
  1996 | D:2      | Found a glowing silver altar of Zin.
  2036 | D:2      | Found Xirusiri's Magic Scroll Shop.
  2055 | D:2      | Noticed Jessica
  2091 | D:2      | Killed Jessica
  2092 | D:2      | Reached XP level 4. HP: 23/41 MP: 3/3
  2484 | D:2      | Found Netop's General Store.
  2672 | D:2      | Found Enanagh's Distillery.
  3005 | D:2      | Found a runed translucent door.
  3006 | D:2      | Noticed Crazy Yiuf
  3056 | D:2      | Slain by Crazy Yiuf

Illustrated notes

Levels and vault maps discovered:
D:1:      heliophobic_arrival_enchanted_forest, layout_basic,
          minmay_indecisive_spiral
D:2:      minmay_evil_eye, layout_loops_ring, serial_shops, shop, shop_coins,
          nicolae_shop_crystal, shop, shapermc_ecumenical_altar_pompeii,
          basic_altar, uniq_jessica, uniq_crazy_yiuf_cottage

Skill      XL: |  1  2  3  4 |
---------------+-------------+-----
Fighting       | 4 |  4.6
Axes           | 4 |  4.7
Armour         | 3 |  3.1
Throwing       | |  0.8
Dodging        | |  2.7

Action                   |  1- 3 |  4- 6 || total
-------------------------+-------+-------++-------
Melee: Hand axe          |    75 |    31 ||   106
       Headbutt          |     7 |     3 ||    10
       Punch             |     1 |       ||     1
Invok: Berserk           |     1 |       ||     1
Armor: Animal skin       |     5 |       ||     5
       Leather armour    |    11 |     3 ||    14
       Ring mail         |       |     1 ||     1
Dodge: Dodged            |    45 |    12 ||    57
